 Dungeon Crawl Stone Soup version 0.28-a0-1622-gc30f734a66 (webtiles) character file.

Game seed: 10857771374525953636

53 Lekart the Skirmisher (level 3, -2/32 (33) HPs)
             Began as a Draconian Chaos Knight on Jan 23, 2022.
             Was a Plaything of Xom.
             Slain by Sigmund (13 damage)
             ... on level 2 of the Dungeon.
             The game lasted 00:04:14 (1572 turns).

Lekart the Skirmisher (Draconian Chaos Knight)      Turns: 1572, Time: 00:04:15

HP:   -2/32 (33)    AC:  6    Str: 14    XL:     3   Next: 62%
MP:   4/4           EV: 12    Int: 12    God:    Xom [..*...]
Gold: 71            SH:  0    Dex: 14    Spells: 4/4 levels left

rFire   . . .      SeeInvis .   a - +0 short sword (chaos)
rCold   . . .      Faith    .   (no shield)
rNeg    . . .      Spirit   .   (armour unavailable)
rPois   +          Reflect  .   (helmet restricted)
rElec   .          Harm     .   (no cloak)
rCorr   .          Rampage  .   (no gloves)
Will    .....                   d - +0 pair of boots
Stlth   +.........              (no amulet)
HPRegen 0.10/turn               (no ring)
MPRegen 0.09/turn               (no ring)

@: lightly drained
A: AC +5, unfitting armour, cold-blooded, agile 1, poison resistance
a: Renounce Religion


You were on level 2 of the Dungeon.
You worshipped Xom.
You were a toy of Xom.
You visited 1 branch of the dungeon, and saw 2 of its levels.

You collected 71 gold pieces.

Inventory:

Hand Weapons
 a - a +0 short sword of chaos (weapon)
Missiles
 b - 5 poisoned darts (quivered)
Armour
 d - a +0 pair of boots (worn)


   Skills:
 + Level 3.9 Fighting
 + Level 3.8 Short Blades
 + Level 0.1 Throwing
 + Level 2.2 Dodging
 * Level 1.0 Spellcasting


You had 4 spell levels left.
You didn't know any spells.
Your spell library contained the following spells:

 Spells                   Type           Power      Damage    Failure   Level
 Tukima's Dance           Hex            0%         N/A       65%         3
 Passage of Golubria      Tloc           0%         N/A       96%         4
 Yara's Violent Unravell  Hex/Tmut       0%         3d3       100%        5


Dungeon Overview and Level Annotations

Branches:
Dungeon (2/15)

Altars:

Annotations:
D:2 Sigmund


Innate Abilities, Weirdness & Mutations

Your plain brown scales are hard. (AC +5)
You cannot fit into any form of body armour.
You are cold-blooded and may be slowed by cold attacks.
You are agile. (Dex +2)
Your system is resistant to poisons. (rPois)


Message History

You aren't carrying any potions.
Sigmund casts a spell at you. You resist with significant effort.
There are monsters nearby!
You start waiting.
Sigmund is nearby!
Sigmund misses you.
You closely miss Sigmund.
Sigmund is moderately wounded.
You hit Sigmund. You drain Sigmund.
Sigmund is severely wounded.
Sigmund hits you with a +3 scythe of chaos.
You hit Sigmund.
Sigmund is severely wounded.
You hit Sigmund but do no damage.
Sigmund is severely wounded.
Sigmund casts a spell at you. The puff of flame hits you.
You hit Sigmund but do no damage.
Sigmund is severely wounded.
Sigmund hits you but does no damage.
You feel drained.
You closely miss Sigmund. You tail-slap Sigmund.
Sigmund is severely wounded.
Sigmund closely misses you.
You hit Sigmund but do no damage.
Sigmund is severely wounded.
You hit Sigmund but do no damage.
Your tail-slap misses Sigmund.
Sigmund is severely wounded.
Sigmund casts a spell at you. The magic dart hits you.
You hit Sigmund.
Sigmund seems to speed up.
You tail-slap Sigmund, but do no damage.
Sigmund is almost dead.
Sigmund casts a spell.
Sigmund flickers and vanishes!
Deactivating autopickup; reactivate with Ctrl-A.
You barely miss something. Something hits you.
You are electrocuted!
Something hits you but does no damage. Something hits you.
You are electrocuted!
You die...

##################
.................#
#....####......#.#
#....####......#.#
..............@#@#####
.........#.............#
.........#[............#
....................[..#
..........###..........#
..........###..........#
..........#<)......#+###
..........####.....#.#
##'###...@..w......#.#


There were no monsters in sight!

Vanquished Creatures
  2 adders (D:2)
  2 worms (D:2)
  A dart slug (D:1)
  2 bats
  An endoplasm (D:2)
  4 goblins
  2 hobgoblins (D:2)
  2 quokkas (D:1)
  2 ball pythons (D:1)
  2 frilled lizards (D:1)
  3 kobolds (D:1)
  4 rats
27 creatures vanquished.

Vanquished Creatures (collateral kills)
  A hobgoblin (D:2)
  A frilled lizard (D:2)
2 creatures vanquished.

Grand Total: 29 creatures vanquished

Notes
Turn   | Place    | Note
-------+----------+-------------------------------------------
     0 | D:1      | Lekart the Draconian Chaos Knight began the quest for the
                  | Orb.
     0 | D:1      | Reached XP level 1. HP: 19/19 MP: 1/1
    12 | D:1      | XOM: silly message
   110 | D:1      | Found a faded altar of an unknown god.
   265 | D:1      | Reached XP level 2. HP: 23/26 MP: 2/2
   660 | D:1      | XOM: god gift: 18 gold pieces
   860 | D:2      | XOM: cast spell 'Alistair's Intoxication'
   973 | D:2      | Reached skill level 1 in Spellcasting
   973 | D:2      | Reached XP level 3. HP: 29/33 MP: 4/4
  1051 | D:2      | XOM: silly message
  1073 | D:2      | XOM: noise
  1080 | D:2      | XOM: smoke on damage
  1081 | D:2      | Noticed Sigmund
  1083 | D:2      | XOM: chaos upgrade
  1086 | D:2      | XOM: smoke on damage
  1241 | D:1      | XOM: give mutations
  1241 | D:1      | Gained mutation: You are agile. (Dex +2) [Xom's mischief]
  1241 | D:1      | Gained mutation: Your system is resistant to poisons.
                  | (rPois) [Xom's mischief]
  1273 | D:2      | XOM: enchant monster (bad)
  1283 | D:2      | XOM: 2-stop teleportation journey
  1285 | D:2      | XOM: divination: detect items
  1532 | D:2      | XOM: divination: detect items
  1572 | D:2      | Slain by Sigmund

Illustrated notes

Levels and vault maps discovered:
D:1:      minmay_arrival_jagged, layout_loops_ring, basic_ecumenical_altar
D:2:      layout_basic, kennysheep_potato, uniq_sigmund

Skill      XL: |  1  2 |
---------------+-------+-----
Spellcasting   | 1 |  1.0
Fighting       | |  3.9
Short Blades   | |  3.8
Throwing       | |  0.1
Dodging        | |  2.2

Action                   || total
-------------------------++-------
Melee: Short sword       ||   114
       Tailslap          ||    17
       Punch             ||     5
Throw: Dart              ||     5
  Use: Scroll            ||     1
 Stab: Paralysed         ||     2
Armor: Skin              ||    31
Dodge: Dodged            ||    53

Table legend: (Time is in decaauts)
 A = Elapsed time spent in this place.
 B = Non-inter-level travel time spent in this place.
 C = Inter-level travel time spent in this place.
 D = Time resting spent in this place.
 E = Time spent auto-exploring this place.
 F = Levels seen in this place.
 G = Mean time per level.
                   A        B        C        D        E       F      G
               +--------+--------+--------+--------+--------+-----+--------+
         Total |   1566 |   1383 |    183 |    408 |    667 |   2 |  783.0 |
       Dungeon |   1566 |   1383 |    183 |    408 |    667 |   2 |  783.0 |
               +--------+--------+--------+--------+--------+-----+--------+

Top non-repeatable levels by time:
     D:1: 905 daAuts
     D:2: 661 daAuts
